[ AOE2 MATCH · #506618724 ]
UnrankedGoths vs Dravidians
Player's team · LOSS
[ REPLAY ANALYSIS · EXTRACTED FROM THE RECORDED GAME ]
Feudal
10:57
Castle
22:54
Imperial
42:49
| APM avg | 122.1 |
| APM peak | 216 |
| eAPM avg | 74.9 |
| Villagers / military | 210 / 439 |
Focus
⚔️ 76.9% · 🌾 23.1%
Huskarl ×177 · Skirmisher ×129 · Knight ×53 · Hand Cannoneer ×38 · Archer ×19 · Scout Cavalry ×12
Feudal
9:19
Castle
21:46
Imperial
41:27
| APM avg | 84.2 |
| APM peak | 134 |
| eAPM avg | 48.1 |
| Villagers / military | 212 / 353 |
Focus
⚔️ 52.6% · 🌾 47.4%
Urumi Swordsman ×139 · Elephant Archer ×86 · Skirmisher ×79 · Hand Cannoneer ×17 · Archer ×9 · Monk ×7
Match map
Initial resources + every placement click. Lines = walls · curves = elevation contours. ◆ gold · ⬟ stone · ● berries · ✦ relic · ◌ wall gap
Your base· ✓ Closed at 22:54 · 38t walls · 1 gate(s)
SalzZ_classicpro's base· Open — opponent sealed themselves in
Smoothed initial terrain · ◌ = detected wall gap · hover for details
Inputs per minute
— DS_Overtaken - - SalzZ_classicpro
Build order — DS_Overtaken
First 150 of 782 actions detected
| 0:00 | Queue | Villager (Male) |
| 0:00 | Queue | Villager (Male) |
| 0:00 | Queue | Villager (Male) |
| 0:02 | Build | House |
| 0:02 | Build | House |
| 0:06 | Research | Loom |
| 0:06 | Queue | Villager (Male) ×3 |
| 1:26 | Queue | Villager (Male) |
| 1:55 | Build | Lumber Camp |
| 1:58 | Queue | Villager (Male) |
| 1:58 | Queue | Villager (Male) |
| 2:20 | Queue | Villager (Male) |
| 2:44 | Queue | Villager (Male) |
| 3:07 | Queue | Villager (Male) |
| 3:32 | Queue | Villager (Male) |
| 3:58 | Build | House |
| 4:05 | Queue | Villager (Male) |
| 4:29 | Build | Barracks |
| 4:31 | Queue | Villager (Male) |
| 4:55 | Queue | Villager (Male) |
| 4:59 | Build | House |
| 5:22 | Queue | Militia |
| 5:23 | Queue | Villager (Male) |
| 5:32 | Build | House |
| 5:35 | Queue | Militia |
| 5:46 | Queue | Villager (Male) |
| 5:51 | Build | House |
| 6:01 | Build | Palisade Wall |
| 6:02 | Queue | Militia |
| 6:11 | Queue | Villager (Male) |
| 6:17 | Build | Palisade Wall |
| 6:34 | Queue | Villager (Male) |
| 6:47 | Build | Mill |
| 7:04 | Queue | Villager (Male) |
| 7:16 | Build | Palisade Wall |
| 7:17 | Queue | Villager (Male) |
| 7:23 | Queue | Villager (Male) |
| 7:26 | Build | Palisade Wall |
| 8:20 | Queue | Villager (Male) |
| 8:28 | Build | Mill |
| 8:47 | Research | Feudal Age |
| 8:47 | Research | Feudal Age |
| 8:47 | Research | Feudal Age |
| 8:47 | Research | Feudal Age |
| 9:16 | Build | Mining Camp |
| 9:19 | Build | Palisade Wall |
| 9:20 | Build | Palisade Wall |
| 9:53 | Build | Palisade Wall |
| 10:08 | Build | House |
| 10:12 | Queue | Villager (Male) |
| 10:30 | Queue | Villager (Male) |
| 10:36 | Build | House |
| 10:50 | Build | Palisade Wall |
| 10:51 | Build | Palisade Wall |
| 10:57 | Age | Feudal Age |
| 11:01 | Queue | Villager (Male) |
| 11:02 | Build | Archery Range |
| 11:07 | Research | Man-at-Arms (upgrade) |
| 11:08 | Queue | Villager (Male) |
| 11:15 | Research | Double-Bit Axe |
| 11:19 | Build | Palisade Wall |
| 11:23 | Queue | Villager (Male) |
| 11:35 | Queue | Villager (Male) |
| 11:49 | Queue | Archer |
| 11:50 | Build | Farm |
| 11:54 | Build | Farm |
| 11:56 | Build | Blacksmith |
| 12:19 | Queue | Villager (Male) |
| 12:23 | Queue | Villager (Male) |
| 12:36 | Build | Farm |
| 12:36 | Queue | Skirmisher |
| 12:42 | Queue | Villager (Male) |
| 12:43 | Build | House |
| 12:52 | Research | Fletching |
| 12:53 | Queue | Villager (Male) |
| 12:56 | Build | Farm |
| 12:58 | Build | Farm |
| 12:58 | Build | Farm |
| 13:07 | Build | House |
| 13:10 | Queue | Villager (Male) |
| 13:10 | Build | Farm |
| 13:21 | Build | Palisade Wall |
| 13:23 | Queue | Skirmisher |
| 13:27 | Build | Farm |
| 13:32 | Queue | Skirmisher |
| 13:46 | Queue | Villager (Male) |
| 13:49 | Build | Farm |
| 13:57 | Queue | Skirmisher |
| 14:03 | Build | House |
| 14:04 | Queue | Archer |
| 14:11 | Research | Horse Collar |
| 14:11 | Research | Horse Collar |
| 14:26 | Build | Farm |
| 14:29 | Build | Palisade Wall |
| 14:29 | Build | Palisade Wall |
| 14:30 | Build | Palisade Wall |
| 14:32 | Queue | Archer |
| 14:34 | Queue | Villager (Male) |
| 14:45 | Queue | Villager (Male) |
| 14:46 | Build | Farm |
| 15:01 | Queue | Villager (Male) |
| 15:06 | Build | Palisade Wall |
| 15:09 | Build | House |
| 15:13 | Build | House |
| 15:14 | Queue | Skirmisher |
| 15:29 | Build | Palisade Gate |
| 15:34 | Build | Palisade Gate |
| 15:38 | Queue | Villager (Male) |
| 15:44 | Queue | Archer |
| 15:48 | Build | House |
| 15:57 | Queue | Archer |
| 16:05 | Build | Farm |
| 16:08 | Queue | Villager (Male) |
| 16:12 | Queue | Archer |
| 16:25 | Build | Palisade Wall |
| 16:31 | Build | Lumber Camp |
| 16:40 | Queue | Villager (Male) |
| 16:46 | Build | House |
| 17:00 | Queue | Villager (Male) |
| 17:11 | Queue | Villager (Male) |
| 17:12 | Build | Farm |
| 17:13 | Build | Farm |
| 17:15 | Research | Padded Archer Armor |
| 17:15 | Research | Padded Archer Armor |
| 17:24 | Queue | Villager (Male) |
| 17:40 | Queue | Villager (Male) |
| 17:47 | Queue | Villager (Male) |
| 17:47 | Build | Archery Range |
| 18:00 | Queue | Archer |
| 18:09 | Build | Farm |
| 18:21 | Queue | Archer |
| 18:28 | Queue | Villager (Male) |
| 18:37 | Queue | Archer |
| 18:41 | Queue | Archer |
| 18:41 | Queue | Archer |
| 18:42 | Queue | Villager (Male) |
| 18:43 | Build | House |
| 18:47 | Queue | Archer |
| 18:58 | Build | Farm |
| 18:58 | Build | Farm |
| 18:58 | Queue | Villager (Male) |
| 19:05 | Queue | Archer |
| 19:05 | Queue | Archer |
| 19:15 | Queue | Villager (Male) |
| 19:17 | Queue | Archer |
| 19:22 | Build | Palisade Wall |
| 19:37 | Queue | Villager (Male) |
| 19:54 | Queue | Villager (Male) |
| 20:00 | Build | Farm |
| 20:00 | Queue | Villager (Male) |
Build order — SalzZ_classicpro
First 150 of 869 actions detected
| 0:00 | Queue | Villager (Male) |
| 0:00 | Queue | Villager (Male) |
| 0:01 | Build | House |
| 0:02 | Build | House |
| 0:09 | Queue | Villager (Male) |
| 0:20 | Queue | Villager (Male) |
| 0:20 | Queue | Villager (Male) |
| 1:24 | Queue | Villager (Male) |
| 1:50 | Queue | Villager (Male) |
| 2:03 | Build | Lumber Camp |
| 2:13 | Queue | Villager (Male) |
| 2:43 | Queue | Villager (Male) |
| 2:43 | Queue | Villager (Male) |
| 3:02 | Queue | Villager (Male) |
| 3:03 | Queue | Villager (Male) |
| 3:29 | Queue | Villager (Male) |
| 3:30 | Queue | Villager (Male) |
| 3:42 | Build | House |
| 4:05 | Queue | Villager (Male) |
| 4:05 | Queue | Villager (Male) |
| 4:19 | Queue | Villager (Male) |
| 4:20 | Queue | Villager (Male) |
| 4:40 | Queue | Villager (Male) |
| 4:40 | Queue | Villager (Male) |
| 4:54 | Build | Barracks |
| 5:02 | Build | Palisade Wall |
| 5:18 | Build | House |
| 5:18 | Build | Palisade Wall |
| 5:19 | Build | Palisade Wall |
| 5:19 | Queue | Villager (Male) |
| 5:26 | Build | Palisade Wall |
| 5:31 | Build | Palisade Wall |
| 5:54 | Build | Palisade Wall |
| 5:55 | Build | Palisade Wall |
| 6:00 | Build | Palisade Wall |
| 6:00 | Build | Palisade Wall |
| 6:00 | Build | Palisade Wall |
| 6:01 | Build | Palisade Wall |
| 6:07 | Queue | Villager (Male) |
| 6:11 | Build | Palisade Wall |
| 6:20 | Build | House |
| 6:35 | Research | Loom |
| 7:09 | Research | Feudal Age |
| 7:19 | Build | Palisade Gate |
| 7:24 | Build | Mining Camp |
| 7:50 | Queue | Militia |
| 7:50 | Queue | Militia |
| 7:50 | Queue | Militia |
| 8:12 | Build | Mill |
| 8:15 | Queue | Militia |
| 8:15 | Queue | Militia |
| 8:23 | Build | Palisade Wall |
| 8:37 | Build | House |
| 9:05 | Queue | Villager (Male) |
| 9:12 | Build | Farm |
| 9:19 | Age | Feudal Age |
| 9:22 | Build | Archery Range |
| 9:31 | Build | Palisade Wall |
| 9:32 | Build | Palisade Wall |
| 9:33 | Build | Palisade Wall |
| 9:48 | Queue | Villager (Male) |
| 9:57 | Research | Man-at-Arms (upgrade) |
| 10:05 | Build | House |
| 10:10 | Research | Arson |
| 10:10 | Research | Arson |
| 10:12 | Queue | Villager (Male) |
| 10:16 | Queue | Archer |
| 10:21 | Build | Farm |
| 10:23 | Build | Farm |
| 10:27 | Queue | Villager (Male) |
| 10:44 | Queue | Archer |
| 10:44 | Queue | Archer |
| 10:48 | Build | Farm |
| 11:02 | Queue | Villager (Male) |
| 11:09 | Build | Farm |
| 11:16 | Queue | Archer |
| 11:25 | Queue | Villager (Male) |
| 11:45 | Build | Palisade Wall |
| 11:47 | Build | Palisade Wall |
| 11:48 | Build | Palisade Wall |
| 11:51 | Queue | Villager (Male) |
| 11:55 | Queue | Villager (Male) |
| 11:57 | Build | Palisade Wall |
| 11:58 | Build | Palisade Wall |
| 12:02 | Build | House |
| 12:03 | Queue | Villager (Male) |
| 12:13 | Build | Palisade Wall |
| 12:30 | Build | Farm |
| 12:32 | Queue | Archer |
| 12:33 | Queue | Villager (Male) |
| 12:46 | Build | House |
| 13:05 | Research | Double-Bit Axe |
| 13:25 | Queue | Villager (Male) |
| 13:25 | Queue | Villager (Male) |
| 13:27 | Build | Blacksmith |
| 13:32 | Queue | Archer |
| 13:39 | Build | Farm |
| 13:48 | Queue | Villager (Male) |
| 14:00 | Build | House |
| 14:00 | Build | Palisade Wall |
| 14:08 | Queue | Skirmisher |
| 14:13 | Build | Farm |
| 14:15 | Build | Farm |
| 14:18 | Queue | Villager (Male) |
| 14:23 | Build | House |
| 14:29 | Research | Fletching |
| 14:29 | Research | Fletching |
| 14:32 | Build | Farm |
| 14:37 | Build | Farm |
| 14:39 | Queue | Villager (Male) |
| 15:08 | Queue | Archer |
| 15:08 | Queue | Villager (Male) |
| 15:10 | Build | Farm |
| 15:10 | Queue | Skirmisher |
| 15:12 | Queue | Villager (Male) |
| 15:24 | Queue | Villager (Male) |
| 15:27 | Build | House |
| 15:33 | Queue | Archer |
| 15:48 | Build | Farm |
| 15:50 | Build | Farm |
| 15:56 | Queue | Skirmisher |
| 15:57 | Queue | Villager (Male) |
| 15:59 | Build | Palisade Wall |
| 16:16 | Build | Farm |
| 16:21 | Queue | Skirmisher |
| 16:25 | Queue | Villager (Male) |
| 16:51 | Queue | Villager (Male) |
| 16:56 | Build | House |
| 16:57 | Build | Palisade Wall |
| 16:59 | Queue | Villager (Male) |
| 17:05 | Build | Palisade Wall |
| 17:05 | Build | Palisade Wall |
| 17:19 | Queue | Skirmisher |
| 17:20 | Build | Farm |
| 17:25 | Build | Farm |
| 17:25 | Queue | Villager (Male) |
| 17:49 | Queue | Skirmisher |
| 17:53 | Build | House |
| 17:57 | Build | Lumber Camp |
| 18:23 | Queue | Villager (Male) |
| 18:28 | Build | Farm |
| 18:41 | Build | Farm |
| 19:06 | Research | Castle Age |
| 19:10 | Build | Archery Range |
| 19:11 | Queue | Skirmisher |
| 19:11 | Queue | Skirmisher |
| 19:36 | Queue | Skirmisher |
| 19:46 | Queue | Villager (Male) |
| 19:55 | Queue | Skirmisher |
| 19:57 | Research | Horse Collar |
Match timeline
| 4:29 | DS_Overtaken · first_building Barracks |
| 4:54 | SalzZ_classicpro · first_building Barracks |
| 5:02 | SalzZ_classicpro · wall_segment Palisade Wall x1 |
| 5:18 | SalzZ_classicpro · wall_segment Palisade Wall x1 |
| 5:19 | SalzZ_classicpro · wall_segment Palisade Wall x1 |
| 5:26 | SalzZ_classicpro · wall_segment Palisade Wall x2 |
| 5:31 | SalzZ_classicpro · wall_segment Palisade Wall x1 |
| 5:54 | SalzZ_classicpro · wall_segment Palisade Wall x1 |
| 5:55 | SalzZ_classicpro · wall_segment Palisade Wall x1 |
| 6:00 | SalzZ_classicpro · wall_segment Palisade Wall x1 |
| 6:00 | SalzZ_classicpro · wall_segment Palisade Wall x1 |
| 6:00 | SalzZ_classicpro · wall_segment Palisade Wall x1 |
| 6:01 | SalzZ_classicpro · wall_segment Palisade Wall x1 |
| 6:01 | DS_Overtaken · wall_segment Palisade Wall x2 |
| 6:11 | SalzZ_classicpro · wall_segment Palisade Wall x1 |
| 6:17 | DS_Overtaken · wall_segment Palisade Wall x7 |
| 7:16 | DS_Overtaken · wall_segment Palisade Wall x3 |
| 7:26 | DS_Overtaken · wall_segment Palisade Wall x7 |
| 8:23 | SalzZ_classicpro · wall_segment Palisade Wall x2 |
| 9:19 | DS_Overtaken · wall_segment Palisade Wall x1 |
| 9:19 | SalzZ_classicpro · age_up feudal |
| 9:20 | DS_Overtaken · wall_segment Palisade Wall x1 |
| 9:22 | SalzZ_classicpro · first_building Archery Range |
| 9:31 | SalzZ_classicpro · wall_segment Palisade Wall x1 |
| 9:32 | SalzZ_classicpro · wall_segment Palisade Wall x1 |
| 9:33 | SalzZ_classicpro · wall_segment Palisade Wall x1 |
| 9:53 | DS_Overtaken · wall_segment Palisade Wall x1 |
| 10:50 | DS_Overtaken · wall_segment Palisade Wall x1 |
| 10:51 | DS_Overtaken · wall_segment Palisade Wall x1 |
| 10:57 | DS_Overtaken · age_up feudal |
| 11:02 | DS_Overtaken · first_building Archery Range |
| 11:19 | DS_Overtaken · wall_segment Palisade Wall x1 |
| 11:45 | SalzZ_classicpro · wall_segment Palisade Wall x1 |
| 11:47 | SalzZ_classicpro · wall_segment Palisade Wall x1 |
| 11:48 | SalzZ_classicpro · wall_segment Palisade Wall x1 |
| 11:57 | SalzZ_classicpro · wall_segment Palisade Wall x1 |
| 11:58 | SalzZ_classicpro · wall_segment Palisade Wall x1 |
| 12:13 | SalzZ_classicpro · wall_segment Palisade Wall x1 |
| 13:21 | DS_Overtaken · wall_segment Palisade Wall x3 |
| 14:00 | SalzZ_classicpro · wall_segment Palisade Wall x1 |
| 14:29 | DS_Overtaken · wall_segment Palisade Wall x1 |
| 14:29 | DS_Overtaken · wall_segment Palisade Wall x1 |
| 14:30 | DS_Overtaken · wall_segment Palisade Wall x3 |
| 15:06 | DS_Overtaken · wall_segment Palisade Wall x6 |
| 15:59 | SalzZ_classicpro · wall_segment Palisade Wall x10 |
| 16:25 | DS_Overtaken · wall_segment Palisade Wall x1 |
| 16:57 | SalzZ_classicpro · wall_segment Palisade Wall x4 |
| 17:05 | SalzZ_classicpro · wall_segment Palisade Wall x1 |
| 17:05 | SalzZ_classicpro · wall_segment Palisade Wall x1 |
| 19:22 | DS_Overtaken · wall_segment Palisade Wall x1 |
| 20:30 | DS_Overtaken · wall_segment Palisade Wall x1 |
| 20:40 | DS_Overtaken · first_building Stable |
| 20:44 | SalzZ_classicpro · wall_segment Palisade Wall x1 |
| 21:46 | SalzZ_classicpro · age_up castle |
| 21:52 | SalzZ_classicpro · first_building Monastery |
| 22:48 | DS_Overtaken · wall_segment Palisade Wall x1 |
| 22:54 | DS_Overtaken · age_up castle |
| 27:05 | DS_Overtaken · first_building Monastery |
| 28:42 | SalzZ_classicpro · wall_segment Palisade Wall x1 |
| 31:32 | SalzZ_classicpro · first_building Stable |
| 31:59 | DS_Overtaken · first_building Siege Workshop |
| 32:56 | SalzZ_classicpro · first_market_sell 100 stone |
| 35:26 | SalzZ_classicpro · first_building Siege Workshop |
| 38:27 | SalzZ_classicpro · first_building Castle |
| 39:11 | DS_Overtaken · first_market_buy 100 stone |
| 39:14 | DS_Overtaken · first_building Castle |
| 40:22 | SalzZ_classicpro · wall_segment Stone Wall x11 |
| 40:27 | SalzZ_classicpro · first_market_buy 100 wood |
| 40:39 | SalzZ_classicpro · wall_segment Stone Wall x2 |
| 40:43 | SalzZ_classicpro · wall_segment Stone Wall x1 |
| 41:27 | SalzZ_classicpro · age_up imperial |
| 42:49 | DS_Overtaken · age_up imperial |
| 45:46 | SalzZ_classicpro · wall_segment Stone Wall x1 |
| 49:23 | DS_Overtaken · first_market_sell 500 wood |
| 50:52 | SalzZ_classicpro · wall_segment Stone Wall x13 |
| 56:33 | DS_Overtaken · resign |
[ AI ANALYSIS · 1 CREDIT ]
What really happened in this match?
Wolo.gg analyzes every decision: build order, eco, micro, common mistakes by bracket. Personalized analysis on WhatsApp or Discord in 30 seconds.
Civ guide
Goths
Perfil
Jugador #4632681